 Dungeon Crawl Stone Soup version 0.31-a0-771-g505c3d19dc (webtiles) character file.

Game seed: 15915096480110371927

122 randomguy2701 the Shield-Bearer (level 5, -2/47 HPs)
             Began as a Gnoll Fighter on Sept 17, 2023.
             Slain by a gnoll
             ... wielding a +0 flail
              (11 damage)
             ... on level 3 of the Dungeon.
             The game lasted 00:01:22 (1907 turns).

randomguy2701 the Shield-Bearer (Gnoll Fighter)     Turns: 1907, Time: 00:01:22

Health: -2/47      AC:  7    Str: 17    XL:     5   Next: 6%
Magic:  5/7        EV:  9    Int:  8    God:
Gold:   54         SH:  5    Dex: 11    Spells: 6/6 levels left

rFire   . . .        a - +0 war axe
rCold   . . .        c - +0 buckler
rNeg    . . .        b - +0 scale mail
rPois   .            (no helmet)
rElec   .            (no cloak)
rCorr   .            (no gloves)
SInv    .            (no boots)
Will    .....        (no amulet) Stlth
                     (no ring)
HPRegen 0.27/turn    (no ring)
MPRegen 0.10/turn

%: no passive effects
@: no status effects
A: fangs 1, strong nose, distributed training
a: no special abilities


You were on level 3 of the Dungeon.
You visited 1 branch of the dungeon, and saw 3 of its levels.

You collected 54 gold pieces.

Inventory:

Hand Weapons
 a - a +0 war axe (weapon)
Armour
 b - a +0 scale mail (worn)
 c - a +0 buckler (worn)
Jewellery
 e - an amulet of faith
Scrolls
 f - 2 scrolls of blinking {unknown}
 g - 2 scrolls of identify {unknown}
 h - a scroll of teleportation {unknown}
 j - a scroll of fog {unknown}
 l - a scroll of poison {unknown}
 o - a scroll of vulnerability {unknown}
 p - a scroll of silence {unknown}
Potions
 d - a potion of might
 i - 4 potions of haste {unknown}
 k - a potion of brilliance {unknown}
 m - a potion of invisibility {unknown}
 n - a potion of degeneration {unknown}
 q - a potion of heal wounds {unknown}


   Skills:
 + Level 6.6 Fighting
 + Level 1.3 Short Blades
 + Level 1.3 Long Blades
 + Level 4.7 Axes
 + Level 1.3 Maces & Flails
 + Level 1.3 Polearms
 + Level 1.3 Staves
 + Level 1.3 Ranged Weapons
 + Level 1.3 Throwing
 + Level 6.6 Armour
 + Level 1.3 Dodging
 + Level 1.3 Stealth
 + Level 6.6 Shields
 + Level 1.3 Unarmed Combat
 + Level 1.3 Spellcasting
 + Level 1.1 Conjurations
 + Level 1.1 Hexes
 + Level 1.1 Summonings
 + Level 1.1 Necromancy
 + Level 1.1 Translocations
 + Level 1.1 Transmutations
 + Level 1.1 Fire Magic
 + Level 1.1 Ice Magic
 + Level 1.1 Air Magic
 + Level 1.1 Earth Magic
 + Level 1.1 Poison Magic
 + Level 1.5 Invocations
 + Level 1.3 Evocations
 + Level 1.2 Shapeshifting


You had 6 spell levels left.
You didn't know any spells.
Your spell library contained the following spells:

 Spells                   Type           Power      Damage    Failure   Level
 Ensorcelled Hibernation  Hex/Ice        4%         N/A       80%         2
 Jinxbite                 Hex            4%         N/A       80%         2
 Volatile Blastmotes      Fire/Tloc      4%         2d10      95%         3
 Anguish                  Hex/Necr       1%         N/A       100%        4
 Fulminant Prism          Conj/Hex       1%         3d5       100%        4
 Iskenderun's Mystic Bla  Conj/Tloc      2%         2d3       100%        4


Dungeon Overview and Level Annotations

Branches:
Dungeon (3/15)

Altars:


Innate Abilities, Weirdness & Mutations

You have very sharp teeth.
Your uncanny sense of smell can sniff out nearby items.
Your experience applies equally to all skills.


Message History

You hit the giant cockroach but do no damage.
You barely miss the jackal. You block the giant cockroach's attack.
The jackal closely misses you.
A gnoll comes into view. It is wielding a +0 flail.
The giant cockroach barely misses you. The jackal bites you.
You have reached level 5!
You barely miss the giant cockroach. Your bite misses the giant cockroach.
You hit the jackal but do no damage.
The jackal bites you but does no damage.
The giant cockroach bites you but does no damage.
Unknown command.
You barely miss the gnoll. You slash the giant cockroach!
You kill the giant cockroach!
You barely miss the jackal.
The jackal bites you but does no damage.
The gnoll hits you but does no damage. You block the jackal's attack.
The gnoll hits you with a +0 flail.
* * * LOW HITPOINT WARNING * * *
You hit the gnoll.
The gnoll is lightly wounded.
You barely miss the jackal.
The jackal bites you but does no damage.
The gnoll barely misses you. The jackal barely misses you.
Unknown command.
You slash the gnoll!
The gnoll is severely wounded.
You closely miss the jackal. The jackal barely misses you.
The gnoll barely misses you. You block the jackal's attack.
Unknown command.
You hit the gnoll.
The gnoll is almost dead.
You hit the jackal.
You kill the jackal!
The gnoll hits you with a +0 flail!
* * * LOW HITPOINT WARNING * * *
The gnoll hits you but does no damage.
You hit the gnoll but do no damage. You bite the gnoll, but do no damage.
The gnoll is almost dead.
The gnoll hits you with a +0 flail!
You die...

.#####.....
.........# ###
#<.# ... ##.#
.... #.## .....
#..# #.....
###.##......
#....†......
[....##@†......
..#####))g#.....
...♣....### ###♣
♣##.# .. ∆ .. .


You could see a gnoll.

Vanquished Creatures
  3 gnolls (D:3)
  3 adders (D:2)
  A dart slug (D:2)
  5 endoplasms (D:2)
  2 giant cockroaches
  5 goblins
  5 hobgoblins
  9 jackals
  2 quokkas
  4 ball pythons
  5 bats
  4 frilled lizards
  9 kobolds
  4 rats
61 creatures vanquished.

Notes
Turn   | Place    | Note
-------+----------+-------------------------------------------
     0 | D:1      | randomguy2701 the Gnoll Fighter began the quest for the
                  | Orb.
     0 | D:1      | Reached XP level 1. HP: 23/23 MP: 1/1
   136 | D:1      | Reached XP level 2. HP: 29/29 MP: 2/2
   355 | D:1      | Reached XP level 3. HP: 32/35 MP: 3/3
   988 | D:2      | Reached skill level 1 in Invocations
  1277 | D:2      | Reached skill level 1 in Short Blades
  1277 | D:2      | Reached skill level 1 in Long Blades
  1277 | D:2      | Reached skill level 1 in Maces & Flails
  1277 | D:2      | Reached skill level 1 in Polearms
  1277 | D:2      | Reached skill level 1 in Staves
  1277 | D:2      | Reached skill level 1 in Ranged Weapons
  1277 | D:2      | Reached skill level 1 in Throwing
  1277 | D:2      | Reached skill level 1 in Dodging
  1277 | D:2      | Reached skill level 1 in Stealth
  1277 | D:2      | Reached skill level 1 in Unarmed Combat
  1277 | D:2      | Reached skill level 1 in Spellcasting
  1277 | D:2      | Reached skill level 1 in Evocations
  1457 | D:2      | Reached XP level 4. HP: 39/41 MP: 5/5
  1461 | D:2      | Reached skill level 1 in Shapeshifting
  1746 | D:2      | Reached skill level 1 in Conjurations
  1746 | D:2      | Reached skill level 1 in Hexes
  1746 | D:2      | Reached skill level 1 in Summonings
  1746 | D:2      | Reached skill level 1 in Necromancy
  1746 | D:2      | Reached skill level 1 in Translocations
  1746 | D:2      | Reached skill level 1 in Transmutations
  1746 | D:2      | Reached skill level 1 in Fire Magic
  1746 | D:2      | Reached skill level 1 in Ice Magic
  1746 | D:2      | Reached skill level 1 in Air Magic
  1746 | D:2      | Reached skill level 1 in Earth Magic
  1746 | D:2      | Reached skill level 1 in Poison Magic
  1902 | D:3      | Reached XP level 5. HP: 20/47 MP: 5/7
  1907 | D:3      | Slain by a gnoll

Illustrated notes

Levels and vault maps discovered:
D:1:      onia_arrival_mini_spirals, layout_basic
D:2:      layout_basic, minmay_cupped
D:3:      layout_rooms, shapermc_ecumenical_altar_totnotflames,
          interstate_on_off, minmay_misc_feat_diagonals,
          kennysheep_generic_room_10, uniq_crazy_yiuf_cottage

Skill      XL: |  1  2  3  4 |
---------------+-------------+-----
Invocations    | 1 |  1.5
Short Blades   | 1 |  1.3
Long Blades    | 1 |  1.3
Maces & Flails | 1 |  1.3
Polearms       | 1 |  1.3
Staves         | 1 |  1.3
Ranged Weapons | 1 |  1.3
Throwing       | 1 |  1.3
Dodging        | 1 |  1.3
Stealth        | 1 |  1.3
Unarmed Combat | 1 |  1.3
Spellcasting   | 1 |  1.3
Evocations     | 1 |  1.3
Shapeshifting  | 1 |  1.2
Conjurations   | 1 |  1.1
Hexes          | 1 |  1.1
Summonings     | 1 |  1.1
Necromancy     | 1 |  1.1
Translocations | 1 |  1.1
Transmutations | 1 |  1.1
Fire Magic     | 1 |  1.1
Ice Magic      | 1 |  1.1
Air Magic      | 1 |  1.1
Earth Magic    | 1 |  1.1
Poison Magic   | 1 |  1.1
Fighting       | |  6.6
Axes           | |  4.7
Armour         | |  6.6
Shields        | |  6.6

Action                     |  1- 3 |  4- 6 || total
---------------------------+-------+-------++-------
  Melee: War axe           |    93 |    33 ||   126
         Bite              |     8 |     2 ||    10
 Armour: Scale mail        |    70 |    47 ||   117
  Dodge: Dodged            |    51 |    22 ||    73
  Block: Buckler           |    32 |    11 ||    43

Table legend: (Time is in decaauts)
 A = Elapsed time spent in this place.
 B = Non-inter-level travel time spent in this place.
 C = Inter-level travel time spent in this place.
 D = Time resting spent in this place.
 E = Time spent auto-exploring this place.
 F = Levels seen in this place.
 G = Mean time per level.
                   A        B        C        D        E       F      G
               +--------+--------+--------+--------+--------+-----+--------+
         Total |   1945 |   1889 |     56 |      0 |   1590 |   3 |  648.3 |
       Dungeon |   1945 |   1889 |     56 |      0 |   1590 |   3 |  648.3 |
               +--------+--------+--------+--------+--------+-----+--------+

Top non-repeatable levels by time:
     D:2: 997 daAuts
     D:1: 923 daAuts
     D:3: 23 daAuts
